 Dungeon Crawl Stone Soup version 0.28-a0-804-g60983d4ba9 (webtiles) character file.

Game seed: 8560112649547091227

3 flyleaff the Insei (level 1, -1/17 HPs)
             Began as a Djinni Transmuter on Nov 7, 2021.
             Slain by a ball python (2 damage)
             ... on level 1 of the Dungeon.
             The game lasted 00:00:58 (45 turns).

flyleaff the Insei (Djinni Transmuter)                Turns: 45, Time: 00:00:58

Health: -1/17      AC:  2    Str:  9    XL:     1   Next: 55%
Gold:   0          EV: 12    Int: 14    God:
                   SH:  0    Dex: 13

rFire   + + .      SeeInvis .     - Unarmed
rCold   x . .      Faith    .   (no shield)
rNeg    . . .      Spirit   .   a - +0 robe
rPois   ∞          Reflect  .   (no helmet)
rElec   .          Harm     .   (no cloak)
rCorr   .          Rampage  .   (no gloves)
Will    .....                   (boots unavailable)
Stlth   +.........              (no amulet)
HPRegen 0.05/turn               (no ring)
MPRegen 0.00/turn               (no ring)

@: flying
A: sickness immunity, fire resistance 2, cold vulnerability 1, float, innate
caster, hp casting, extra vitality 1
a: no special abilities


You were on level 1 of the Dungeon.
You visited 1 branch of the dungeon, and saw 1 of its levels.

Inventory:

Armour
 a - a +0 robe (worn)


   Skills:
 * Level 1.2 Fighting
 + Level 2.2 Dodging
 + Level 3.0 Unarmed Combat
 + Level 1.6 Spellcasting


You couldn't memorise any spells.
You knew the following spells:

 Your Spells              Type           Power      Damage    Failure   Level
a - Beastly Appendage     Tmut           10%        N/A       13%         1
b - Wereblood             Tmut           5%         N/A       19%         2
c - Spider Form           Tmut/Pois      5%         N/A       36%         3
d - Ice Form              Ice/Tmut       5%         N/A       77%         4
Your spell library was empty.

Dungeon Overview and Level Annotations

Branches:
Dungeon (1/15)

Altars:


Innate Abilities, Weirdness & Mutations

You are immune to sickness and miasma.
You are immune to poison.
Your flesh is very heat resistant. (rF++)
You are vulnerable to cold. (rC-)
You float through the air rather than walking.
You learn spells naturally, not from books.
Your magical power is your life essence.
You have superior vitality. (+4 HP)


Message History

Confirm with . or Enter, or press ? or * to list all spells.
You grow a pair of large bovine horns.
* * * LOW HITPOINT WARNING * * *
The quokka bites you.
* * * LOW HITPOINT WARNING * * *
Your magical contamination has completely faded away.
A ball python comes into view.
Your transformation is almost over.
Found a mace.
The quokka twitches its whiskers.
Found 15 gold pieces.
A hobgoblin comes into view.
Found a scroll labelled UHUINK JASUUNK.
The hobgoblin shouts!
Your horns disappear.
Casting: Beastly Appendage (safe; 13% risk of failure)
Confirm with . or Enter, or press ? or * to list all spells.
You don't have enough health to cast this spell.
A ball python comes into view.
Found a runed robe.
The ball python hisses angrily.
The hobgoblin barely misses you.
You hit the hobgoblin.
The hobgoblin is heavily wounded.
The hobgoblin closely misses you.
You hit the hobgoblin.
The hobgoblin is almost dead.
The hobgoblin misses you.
You closely miss the hobgoblin.
The hobgoblin is almost dead.
The hobgoblin misses you. The ball python barely misses you.
The ball python grabs you. The ball python constricts you.
You hit the hobgoblin.
You kill the hobgoblin!
The ball python bites you but does no damage.
The ball python constricts you.
* * * LOW HITPOINT WARNING * * *
You escape the ball python's grasp.
Found a stone staircase leading down.
The ball python bites you.
You die...

........ ..(.....
....... #≈≈≈≈ # ########
#≈8≈≈ #.# #......# #≈≈8≈
...[#?.....#########≈Sr#
#>......S...........≈≈≈#
..#..@.......####.≈≈≈#
#.....)....# #.≈≈≈#
#..........# #.≈≈8≈
#......$...# #.≈8≈≈
#..........# #.≈≈≈≈
######.....# #.....
####### #####. #.


You could see a ball python.

Vanquished Creatures
  A hobgoblin (D:1)
  A kobold (D:1)
  A goblin (D:1)
3 creatures vanquished.

Notes
Turn   | Place    | Note
-------+----------+-------------------------------------------
     0 | D:1      | flyleaff the Djinni Transmuter began the quest for the Orb.
     0 | D:1      | Reached XP level 1. HP: 17/17 MP: 0/0
    45 | D:1      | Slain by a ball python

Illustrated notes

Levels and vault maps discovered:
D:1:      lightli_arrival_boilingwater, layout_basic,
          hellmonk_ecumenical_altar_blasted, serial_shops, nicolae_shop_stone,
          amcnicky_mini_rare_corridor_liquid, corexii_corridor_pit

Action                   || total
-------------------------++-------
Melee: Unarmed           ||     9
       Headbutt          ||     1
 Cast: Beastly Appendage ||     2
Armor: Robe              ||     1
Dodge: Dodged            ||     9

Table legend: (Time is in decaauts)
 A = Elapsed time spent in this place.
 B = Non-inter-level travel time spent in this place.
 C = Inter-level travel time spent in this place.
 D = Time resting spent in this place.
 E = Time spent auto-exploring this place.
 F = Levels seen in this place.
 G = Mean time per level.
                   A        B        C        D        E       F      G
               +--------+--------+--------+--------+--------+-----+--------+
         Total |     44 |     44 |      0 |      0 |      5 |   1 |   44.0 |
       Dungeon |     44 |     44 |      0 |      0 |      5 |   1 |   44.0 |
               +--------+--------+--------+--------+--------+-----+--------+

Top non-repeatable levels by time:
     D:1: 44 daAuts
